 Dungeon Crawl Stone Soup version 0.19-a0-1442-g3b32ff5 (webtiles) character file.

97 Amnesiac the Slasher (level 5, 0/35 HPs)
             Began as a Halfling Fighter on Sept 5, 2016.
             Succumbed to a worker ant's poison
             ... on level 3 of the Dungeon.
             The game lasted 00:02:31 (1113 turns).

Amnesiac the Slasher (Halfling Fighter)             Turns: 1113, Time: 00:02:31

Health: 0/35       AC:  6    Str: 17    XL:     5   Next: 0%
Magic:  5/5        EV:  8    Int:  6    God:
Gold:   88         SH:  9    Dex: 15    Spells: 0 memorised, 4 levels left

rFire  . . .     SeeInvis .     k - +1 short sword (venom)
rCold  . . .     Gourm    .     b - +0 scale mail
rNeg   . . .     Faith    .     c - +0 shield
rPois  .         Spirit   .     (no helmet)
rElec  .         Dismiss  .     (no cloak)
rCorr  .         Reflect  .     (no gloves)
MR     .....     Harm     .     (no boots)
Stlth  ..........               (no amulet)
                                (no ring)
                                (no ring)

@: lethally poisoned (0 -> -1)
A: mutation resistance 1
a: no special abilities


You were on level 3 of the Dungeon.
You were not hungry.

You visited 1 branch of the dungeon, and saw 4 of its levels.

You collected 88 gold pieces.

Inventory:

Hand Weapons
 a - a +0 long sword
 k - a +1 short sword of venom (weapon)
Armour
 b - a +0 scale mail (worn)
 c - a +0 shield (worn)
Scrolls
 e - a scroll of magic mapping {unknown}
 g - a scroll of blinking {unknown}
 h - 3 scrolls of identify {unknown}
 i - a scroll of recharging {unknown}
 j - 2 scrolls of enchant weapon {unknown}
Potions
 d - a potion of might
Comestibles
 f - 3 bread rations
 l - a chunk of flesh


   Skills:
 - Level 2.6 Fighting
 + Level 4.7 Long Blades
 - Level 3.2 Armour
 - Level 3.2 Shields


You had 4 spell levels left.
You didn't know any spells.

Dungeon Overview and Level Annotations

Branches:
Dungeon (4/15)
 Temple: D:4-7

Altars:

Annotations:
D:4 Amnesiac's ghost, novice DENe


Innate Abilities, Weirdness & Mutations

You are small and have problems with some larger weapons.
You are somewhat resistant to further mutation.


Message History

There is a stone staircase leading up here.
Okay, then.
You climb upwards.
A bat and a rat come into view.
You block the bat's attack.
Found a scroll labeled AJYHOD KUYTS and 19 stones.
There is a stone staircase leading down here.
You completely miss the bat.
* * * LOW HITPOINT WARNING * * *
You feel sick. The bat hits you but does no damage.
Unknown command.
You hit the rat.
You kill the rat!
You have reached level 5!
You feel agile. You block the bat's attack. You block the bat's attack.
You hit the bat.
The bat is poisoned.
The bat is heavily wounded.
You die...

##...##
##.....##
##.......##
.##.........#
.#
..'.........+
...
#.........#
### #(.?†...#
#..b..#
##.@.## ##+##


You could see a bat.

Vanquished Creatures
  2 worker ants
  An orc wizard (D:3)
  4 orcs (D:3)
  2 bats (D:3)
  2 giant cockroaches (D:1)
  2 goblins
  2 hobgoblins (D:3)
  5 giant newts (D:3)
  2 kobolds (D:3)
  A rat (D:3)
23 creatures vanquished.

Notes
Turn   | Place    | Note
-------+----------+-------------------------------------------
     0 | D:1      | Amnesiac the Halfling Fighter began the quest for the Orb.
     0 | D:1      | Reached XP level 1. HP: 15/15 MP: 1/1
   279 | D:3      | Noticed an orc wizard
   305 | D:3      | Reached XP level 2. HP: 19/20 MP: 2/2
   499 | D:4      | Noticed an ogre
   669 | D:3      | Reached skill level 3 in Long Blades
   935 | D:3      | Reached XP level 3. HP: 22/25 MP: 3/3
  1050 | D:3      | Reached skill level 4 in Long Blades
  1050 | D:3      | Reached XP level 4. HP: 25/30 MP: 4/4
  1084 | D:4      | Noticed Amnesiac's ghost (novice DENe)
  1106 | D:4      | HP: 1/30 [poisoned by a worker ant]
  1111 | D:3      | Reached XP level 5. HP: 1/35 MP: 5/5
  1113 | D:3      | Succumbed to a worker ant's poison

Vault maps used:
D:1:      tarquinn_simple_flora_water_d, serial_forest,
          infiniplex_forest_straight_2, infiniplex_forest_clump_diagonal,
          infiniplex_forest_straight_2, infiniplex_forest_end_double,
          infiniplex_forest_clump_medium, infiniplex_forest_lined_3_way,
          infiniplex_forest_clump_long, infiniplex_forest_lined_3_way
D:2:      uniq_robin

Skill      XL: |  1  2  3 |
---------------+----------+-----
Long Blades    | 3 4 |  4.7
Fighting       | |  2.6
Armour         | |  3.2
Shields        | |  3.2

Action                   |  1- 3 |  4- 6 || total
-------------------------+-------+-------++-------
Melee: Long sword        |    55 |       ||    55
       Short sword       |    21 |     7 ||    28
  Eat: Chunk             |       |     1 ||     1
Armor: Scale mail        |    27 |     2 ||    29
Dodge: Dodged            |    16 |     1 ||    17
Block: Shield            |    32 |     6 ||    38
